 Dungeon Crawl Stone Soup version 0.23-a0-389-g4a5eb334b0 (webtiles) character file.

136570 PikkenKukken the Black Belt (level 16, -5/111 HPs)
             Began as a Demonspawn Gladiator on Oct 30, 2018.
             Was the Champion of Okawaru.
             Shot with a bolt by a naga sharpshooter (9 damage)
             ... on level 1 of the Snake Pit.
             The game lasted 01:23:33 (38624 turns).

PikkenKukken the Black Belt (Demonspawn Gladiator) Turns: 38624, Time: 01:23:35

Health: -5/111     AC: 23    Str: 17    XL:     16   Next: 67%
Magic:  0/35       EV: 20    Int: 14    God:    Okawaru [******]
Gold:   258        SH:  0    Dex: 15    Spells: 5/19 levels left

rFire    . . .     SeeInvis .     - Unarmed
rCold    + + .     Gourm    .   (no shield)
rNeg     . . .     Faith    .   M - +4 moon troll leather armour {Spirit, Regen++ MP+5}
rPois    +         Spirit   +   g - +2 helmet
rElec    +         Reflect  .   W - +2 cloak "Ramooxib" {Int+4}
rCorr    .         Harm     .   (no gloves)
MR       +....                  p - +2 pair of boots
Stlth    ++........             Q - amulet of regeneration
HPRegen  1.48/turn              i - ring of poison resistance
MPRegen  0.24/turn              v - ring "Bostatoj" {rElec rC++ MP+9 Int-2 Slay+3}

@: no status effects
A: claws 2, hooves 1, icy blue scales 2, clumsy 1, mutation resistance 1,
nightstalker 1, powered by pain 3
a: Heroism, Finesse, Renounce Religion


You were on level 1 of the Snake Pit.
You worshipped Okawaru.
Okawaru was exalted by your worship.
You were not hungry.

You visited 6 branches of the dungeon, and saw 28 of its levels.

You collected 2616 gold pieces.
You spent 2358 gold pieces at shops.

Inventory:

Missiles
 c - 8 throwing nets
 x - 8 javelins of returning (quivered)
 J - 6 silver tomahawks
 V - 6 tomahawks of returning
Armour
 a - a scarf of repulsion
 f - a +0 buckler
 g - a +2 helmet (worn)
 p - a +2 pair of boots (worn)
 u - a +3 leather armour of magic resistance
 M - the +4 moon troll leather armour (worn) {Spirit, Regen++ MP+5}
   (You bought it in a shop on level 15 of the Dungeon)

   It affects your magic capacity (+5).
   It increases your rate of regeneration.
 W - the +2 cloak "Ramooxib" (worn) {Int+4}
   (You found it on level 12 of the Dungeon)

   It affects your intelligence (+4).
 X - +0 acid dragon scales
Jewellery
 b - an uncursed ring of stealth
 h - an uncursed ring of wizardry
 i - a ring of poison resistance (left claw)
 v - the ring "Bostatoj" (right claw) {rElec rC++ MP+9 Int-2 Slay+3}
   (You bought it in a shop on level 1 of the Orcish Mines)

   [ring of magical power]

   It affects your intelligence (-2).
   It affects your accuracy and damage with ranged weapons and melee attacks
   (+3).
   It greatly protects you from cold.
   It insulates you from electricity.
   It affects your magic capacity (+9).
 A - a +4 ring of evasion
 B - a +2 amulet of reflection
 E - an uncursed ring of magical power
 Q - an amulet of regeneration (around neck)
 Y - a +4 ring of strength
 Z - an uncursed ring of protection from fire
Wands
 y - a wand of disintegration (39)
 R - a wand of paralysis (12)
 S - a wand of iceblast (11)
Scrolls
 k - a scroll of magic mapping
 m - 9 scrolls of identify
 r - 14 scrolls of teleportation
 w - 3 scrolls of enchant weapon
 D - a scroll of silence
 F - 4 scrolls of fog
 H - a scroll of brand weapon {unknown}
 I - 6 scrolls of remove curse
 K - a scroll of fear
 L - 5 scrolls of enchant armour
 T - 2 scrolls of amnesia
Potions
 e - 8 potions of curing
 j - 4 potions of flight
 l - 5 potions of mutation
 n - 3 potions of haste
 o - a potion of heal wounds
 q - 2 potions of magic
 s - a potion of berserk rage
 t - a potion of cancellation
 z - 2 potions of brilliance
 C - 4 potions of might
 G - 2 potions of resistance
 N - 4 potions of invisibility
 P - 2 potions of agility
Comestibles
 d - 31 rations


   Skills:
 - Level 6.0 Fighting
 - Level 5.0 Throwing
 + Level 12.3 Armour
 + Level 12.4 Dodging
 * Level 18.3 Unarmed Combat
 - Level 2.0 Spellcasting
 + Level 5.3 Charms
 + Level 6.4 Necromancy
 - Level 5.0 Transmutations
 - Level 5.0 Earth Magic
 - Level 7.0 Invocations


You had 5 spell levels left.
You knew the following spells:

 Your Spells              Type           Power        Failure   Level  Hunger
a - Sandblast             Erth           ###...       3%          1    ##.....
b - Petrify               Tmut/Erth      ###.....     34%         4    #####..
c - Regeneration          Chrm/Necr      ###.......   8%          3    ####...
d - Statue Form           Tmut/Erth      ###......    99%         6    #######

Your spell library contained the following spells:

 Spells                   Type           Power        Failure   Level  Hunger
 Infusion                 Chrm           ###.         3%          1    ##.....
 Song of Slaying          Chrm           ###.....     4%          2    ###....
 Passwall                 Tmut/Erth      ###.....     5%          2    ###....
 Shroud of Golubria       Chrm/Tloc      #.........   14%         2    ###....
 Swiftness                Chrm/Air       #.......     14%         2    ###....
 Confusing Touch          Hex            #.....       26%         1    ##.....
 Summon Small Mammal      Summ           #...         26%         1    ##.....
 Spectral Weapon          Hex/Chrm       #.......     26%         3    ####...
 Stone Arrow              Conj/Erth      #.....       28%         3    ####...
 Call Imp                 Summ           #.......     38%         2    ###....
 Call Canine Familiar     Summ           #.......     63%         3    ####...
 Confuse                  Hex            #.......     63%         3    ####...
 Gell's Gravitas          Tloc           #.........   63%         3    ####...
 Summon Guardian Golem    Hex/Summ       #.......     63%         3    ####...
 Leda's Liquefaction      Hex/Erth       #.........   67%         4    #####..
 Lee's Rapid Deconstruct  Erth           ###.......   67%         5    ######.
 Passage of Golubria      Tloc           N/A          95%         4    #####..
 Summon Ice Beast         Ice/Summ       #.......     95%         4    #####..
 Summon Lightning Spire   Summ/Air       #.......     95%         4    #####..
 Yara's Violent Unravell  Hex/Tmut       #.........   95%         5    ######.
 Bolt of Magma            Conj/Fire/Erth #.........   98%         5    ######.
 Metabolic Englaciation   Hex/Ice        #.........   100%        5    ######.
 Darkness                 Hex            #.........   100%        6    #######
 Invisibility             Hex            #.......     100%        6    #######
 Iron Shot                Conj/Erth      #.........   100%        6    #######
 Shatter                  Erth           ###.......   100%        9    #######


Dungeon Overview and Level Annotations

Branches:
Dungeon (15/15)            Temple (1/1) D:6            Lair (6/6) D:10
  Swamp (3/4) Lair:3        Snake (1/4) Lair:4        Slime (0/5) Lair:5
    Orc (2/2) D:9             Elf (0/3) Orc:2        Vaults (0/5) D:14
 Depths (0/5) D:15

Altars:
Ashenzari
Cheibriados
Dithmenos
Elyvilon
Fedhas
Gozag
Hepliaklqana
Kikubaaqudgha
Makhleb
Nemelex Xobeh
Okawaru
Qazlal
Ru
Sif Muna
Trog
Uskayaw
Vehumet
Wu Jian
Xom
Yredelemnul
Zin
The Shining One
Beogh
Jiyva

Shops:
D:14 !   D:15 [((*[   Orc:1 =   Orc:2 =%?[(

Annotations:
D:9 3 runed doors, SkaryMonk's ghost, novice DrVM
Orc:1 2 transporters, Shaidar's ghost, journeyman MiBe


Innate Abilities, Weirdness & Mutations

You have very sharp fingernails.
You are mostly covered in icy blue scales. (AC +3)
You are slightly more attuned to the shadows.
You are powered by pain.
You have large cloven feet.
You are clumsy. (Dex -2)
You are somewhat resistant to further mutation.


Message History

* * * LOW HITPOINT WARNING * * *
The naga sharpshooter shoots a bolt.
The bolt hits you!
* * * LOW HITPOINT WARNING * * *
The naga mage gestures at you while chanting.
The bolt of poison hits you! You resist.
* * * LOW HITPOINT WARNING * * *
The naga sharpshooter shoots an arrow.
The arrow hits you!
* * * LOW HITPOINT WARNING * * *
The arrow burns you.
* * * LOW HITPOINT WARNING * * *
The naga sharpshooter mumbles some strange words.
The naga sharpshooter magically shoots an arrow.
The arrow hits you!
* * * LOW HITPOINT WARNING * * *
The naga mage gestures at you while chanting.
The bolt of poison hits you! You resist.
The naga sharpshooter mumbles some strange words.
The naga sharpshooter magically shoots a bolt.
The bolt hits you!
You die...

.....#. ..
..NN!. .....
#....###.....
#............
#..........##
#...NNN....#
#.#..()NN.....
#.((@.......#
#.#((.......#
# #(........#
##........#
##..##..#.
#..# .... #..#
...


You could see 4 naga sharpshooters, a naga mage and 2 nagas.

Vanquished Creatures
  Rupert (D:12)
  A thorn hunter (Swamp:1)
  Gastronok (D:11)
  Kirke (Swamp:1)
  Roxanne (Swamp:1)
  Agnes (D:15)
  A very ugly thing (Swamp:3)
  2 entropy weavers (Lair:4)
  Josephine (D:11)
  Snorg (D:12)
  5 ogre magi
  Erolcha (D:11)
  2 ice dragons (D:15)
  A naga warrior (Lair:4)
  14 hydras
  A centaur warrior (D:14)
  3 ghost crabs
  Harold (D:10)
  An anaconda (Snake:1)
  2 shambling mangroves (Swamp:3)
  9 alligators
  20 two-headed ogres
  A catoblepas (Lair:4)
  A death yak (D:10)
  A queen ant (Lair:4)
  A tengu warrior (D:13)
  Urug (D:13)
  A spriggan (Swamp:2)
  2 spriggan druids (Swamp:2)
  A wizard (D:15)
  3 swamp dragons
  A wolf spider zombie (D:15)
  An oklob plant (Lair:1)
  2 manticores
  15 ugly things
  A deep elf mage (D:14)
  An orc sorcerer (Orc:1)
  4 cyclopes
  17 elephants
  6 black mambas
  2 naga magi (Lair:4)
  A molten gargoyle (D:15)
  33 spiny frogs
  A gargoyle (D:15)
  2 kobold demonologists
  4 komodo dragons
  An efreet (D:14)
  3 rime drakes
  A polar bear (Lair:5)
  2 trolls
  A tengu conjurer (D:14)
  7 tyrant leeches
  16 slime creatures
  8 hornets
  20 blink frogs
  11 bog bodies
  8 hippogriffs
  Eustachio (D:5)
  3 shadows
  A vampire (D:10)
  40 yaks
  3 basilisks
  A hog (Swamp:1)
  7 wraiths
  2 wyverns
  3 hungry ghosts
  8 vampire mosquitoes
  A swamp worm (shapeshifter) (D:15)
  7 nagas
  6 two-headed ogre zombies (Orc:1)
  4 wargs
  Edmund (D:4)
  6 soldier ants
  3 acid dragons
  8 swamp worms
  14 insubstantial wisps
  8 porcupines
  9 water moccasins
  2 necrophages
  12 orc warriors
  6 swamp drakes
  2 sky beasts
  3 black bears
  2 ice beasts
  A hornet zombie (D:13)
  4 phantoms
  6 wolves
  32 ogres
  8 centaurs
  16 crocodiles
  2 big kobolds
  26 bullfrogs
  2 gnoll sergeants
  10 scorpions
  A wyvern skeleton (D:11)
  3 killer bees (D:12)
  11 wights
  4 electric eels
  8 howler monkeys
  6 crimson imps
  5 bullfrog zombies
  2 quasits
  2 centaur zombies
  8 hounds
  3 jellies
  22 orc wizards
  14 orc priests
  A bullfrog skeleton (D:11)
  3 centaur skeletons
  5 iguanas
  27 worker ants
  2 killer bee zombies (D:9)
  A hound skeleton (D:6)
  Robin (D:2)
  14 adders
  11 gnolls
  A shadow imp (D:8)
  An ooze (D:6)
  An adder skeleton (D:9)
  3 worms
  A dart slug (D:2)
  6 leopard geckos
  71 orcs
  2 ball pythons (D:1)
  6 giant cockroaches
  7 goblins
  8 hobgoblins
  13 jackals
  20 kobolds
  A quokka (D:2)
  2 ball python skeletons (D:4)
  4 bats
  2 frilled lizards
  3 jackal skeletons
  A leopard gecko zombie (D:7)
  2 quokka zombies
  8 rats
839 creatures vanquished.

Vanquished Creatures (others)
  2 blink frogs (Swamp:3)
  A shadow (Swamp:2)
  A swamp worm (Swamp:3)
  12 fungi
  66 plants
82 creatures vanquished.

Grand Total: 921 creatures vanquished

Notes
Turn   | Place    | Note
-------+----------+-------------------------------------------
     0 | D:1      | PikkenKukken the Demonspawn Gladiator began the quest for
                  | the Orb.
     0 | D:1      | Reached XP level 1. HP: 16/16 MP: 1/1
   171 | D:1      | Reached skill level 3 in Unarmed Combat
   183 | D:1      | Gained mutation: You are partially covered in icy blue
                  | scales. (AC +2) [demonic ancestry]
   183 | D:1      | Reached XP level 2. HP: 9/22 MP: 2/2
   715 | D:1      | Gained mutation: You are mostly covered in icy blue scales.
                  | (AC +3) [demonic ancestry]
   715 | D:1      | Reached XP level 3. HP: 22/27 MP: 3/3
  1288 | D:2      | Found a shadowy altar of Dithmenos.
  1303 | D:2      | Reached skill level 4 in Unarmed Combat
  1470 | D:2      | Noticed Robin
  1564 | D:2      | Killed Robin
  1642 | D:2      | Gained mutation: You have sharp fingernails. [demonic
                  | ancestry]
  1642 | D:2      | Reached XP level 4. HP: 33/33 MP: 4/4
  1802 | D:2      | Reached skill level 5 in Unarmed Combat
  1854 | D:2      | Reached XP level 5. HP: 37/38 MP: 5/5
  2849 | D:3      | Found a hazy altar of Hepliaklqana.
  2909 | D:4      | Noticed a phantom
  2919 | D:3      | Reached skill level 6 in Unarmed Combat
  2930 | D:4      | Noticed a black bear
  2956 | D:3      | Killed a black bear
  2956 | D:3      | Reached XP level 6. HP: 22/44 MP: 6/6
  3201 | D:4      | Reached skill level 7 in Unarmed Combat
  3302 | D:4      | Gained mutation: You sometimes gain a little power by
                  | taking damage. [demonic ancestry]
  3302 | D:4      | Reached XP level 7. HP: 21/50 MP: 7/7
  3880 | D:4      | Reached skill level 8 in Unarmed Combat
  4092 | D:4      | Noticed Edmund
  4099 | D:4      | Killed Edmund
  4315 | D:5      | Entered Level 5 of the Dungeon
  4418 | D:4      | Reached skill level 1 in Armour
  4791 | D:5      | Noticed Eustachio
  4826 | D:5      | HP: 2/51 [iron imp[Eustachio] (3)]
  5147 | D:5      | Killed Eustachio
  5147 | D:5      | Reached XP level 8. HP: 45/57 MP: 8/8
  5592 | D:6      | Found a staircase to the Ecumenical Temple.
  5601 | Temple   | Entered the Ecumenical Temple
  5797 | D:6      | Found an iron altar of Okawaru.
  6006 | D:7      | Noticed a hippogriff
  6131 | D:6      | Became a worshipper of Warmaster Okawaru
  6473 | D:6      | Found a white marble altar of Elyvilon.
  6531 | D:6      | Reached skill level 1 in Invocations
  7392 | D:7      | Gained mutation: You have large cloven feet. [potion of
                  | mutation]
  7392 | D:7      | Gained mutation: You are frail. (-10% HP) [potion of
                  | mutation]
  7392 | D:7      | Gained mutation: You tend to lose your temper in combat.
                  | [potion of mutation]
  7392 | D:7      | Gained mutation: You are agile. (Dex +2) [potion of
                  | mutation]
  7393 | D:7      | Lost mutation: You tend to lose your temper in combat.
                  | [potion of mutation]
  7393 | D:7      | Lost mutation: You are frail. (-10% HP) [potion of
                  | mutation]
  7393 | D:7      | Lost mutation: You are agile. (Dex +2) [potion of mutation]
  7393 | D:7      | Gained mutation: You are clumsy. (Dex -2) [potion of
                  | mutation]
  7393 | D:7      | Gained mutation: You are somewhat resistant to further
                  | mutation. [potion of mutation]
  7423 | D:7      | Killed a hippogriff
  7423 | D:7      | Gained mutation: You have very sharp fingernails. [demonic
                  | ancestry]
  7423 | D:7      | Reached XP level 9. HP: 64/64 MP: 10/10
  7595 | D:8      | Reached skill level 9 in Unarmed Combat
  7812 | D:8      | Reached * piety under Okawaru
  8425 | D:9      | Found a radiant altar of Vehumet.
  8474 | D:9      | Found a staircase to the Orcish Mines.
  8811 | D:9      | Reached ** piety under Okawaru
  8867 | D:9      | Learned a level 1 spell: Sandblast
  9014 | D:9      | Found an ornate altar of the Wu Jian Council.
  9037 | D:9      | Found a runed gate.
  9085 | D:9      | Found a glowing silver altar of Zin.
  9169 | D:9      | Found a roughly hewn altar of Beogh.
  9614 | D:9      | Reached skill level 5 in Dodging
  9672 | D:9      | Found a runed gate.
  9672 | D:9      | Found a runed gate.
  9672 | D:9      | Noticed SkaryMonk's ghost (novice DrVM)
  9673 | D:9      | Noticed a nine-headed hydra
  9730 | D:9      | Reached skill level 5 in Fighting
  9730 | D:9      | Reached XP level 10. HP: 63/73 MP: 13/13
  9992 | D:10     | Entered Level 10 of the Dungeon
 10002 | D:10     | Found a staircase to the Lair.
 10002 | D:10     | Noticed an elephant
 10003 | D:10     | Noticed a death yak
 10195 | D:9      | Killed an elephant
 10195 | D:9      | Reached *** piety under Okawaru
 10195 | D:9      | Reached skill level 10 in Unarmed Combat
 10206 | D:10     | Killed a death yak
 10206 | D:10     | Reached skill level 5 in Throwing
 10206 | D:10     | Reached skill level 5 in Invocations
 10254 | D:10     | Noticed Harold
 10269 | D:10     | Killed Harold
 10270 | D:10     | Reached **** piety under Okawaru
 10626 | D:10     | Reached skill level 5 in Armour
 10640 | D:10     | Received a gift from Okawaru
 11442 | Lair:1   | Entered Level 1 of the Lair of Beasts
 11442 | Lair:1   | Noticed an oklob plant
 11791 | Lair:1   | Reached skill level 11 in Unarmed Combat
 11992 | Lair:1   | Noticed a six-headed hydra
 12002 | Lair:1   | Killed a six-headed hydra
 12002 | Lair:1   | Gained mutation: You sometimes gain power by taking damage.
                  | [demonic ancestry]
 12002 | Lair:1   | Reached XP level 11. HP: 77/80 MP: 12/15
 12095 | Lair:1   | Received a gift from Okawaru
 12577 | Lair:1   | Reached ***** piety under Okawaru
 12577 | Lair:1   | Reached skill level 12 in Unarmed Combat
 13411 | Lair:2   | Noticed a seven-headed hydra
 13423 | Lair:2   | Killed a seven-headed hydra
 13846 | Lair:2   | Noticed an eight-headed hydra
 13861 | Lair:2   | Killed an eight-headed hydra
 13861 | Lair:2   | Reached skill level 13 in Unarmed Combat
 14400 | Lair:2   | Learned a level 4 spell: Petrify
 14586 | Lair:2   | Noticed a five-headed hydra
 14597 | Lair:2   | Killed a five-headed hydra
 14597 | Lair:2   | Received a gift from Okawaru
 14597 | Lair:2   | Reached skill level 1 in Transmutations
 14597 | Lair:2   | Reached skill level 1 in Earth Magic
 15790 | Lair:3   | Reached XP level 12. HP: 80/87 MP: 16/16
 17394 | Lair:3   | Reached skill level 14 in Unarmed Combat
 17502 | Lair:3   | Found a staircase to the Swamp.
 17762 | Lair:4   | Found a staircase to the Snake Pit.
 17983 | Lair:4   | Noticed a catoblepas
 18235 | Lair:4   | Killed a catoblepas
 18415 | Lair:4   | Noticed a queen ant
 18673 | Lair:4   | Killed a queen ant
 18676 | Lair:4   | Noticed an entropy weaver
 18682 | Lair:4   | Killed an entropy weaver
 18804 | Lair:4   | Reached skill level 5 in Transmutations
 18804 | Lair:4   | Reached skill level 5 in Earth Magic
 18809 | Lair:4   | Received a gift from Okawaru
 18897 | Lair:4   | Noticed an entropy weaver
 19765 | Lair:4   | Killed an entropy weaver
 19765 | Lair:4   | Gained mutation: You are powered by pain. [demonic
                  | ancestry]
 19765 | Lair:4   | Reached XP level 13. HP: 17/92 MP: 10/17
 20407 | Lair:4   | Reached skill level 1 in Spellcasting
 20498 | Lair:5   | Found a viscous altar of Jiyva.
 20512 | Lair:5   | Found a staircase to the Slime Pits.
 21105 | Lair:6   | Entered Level 6 of the Lair of Beasts
 22846 | Lair:6   | Received a gift from Okawaru
 23126 | Lair:5   | Reached skill level 10 in Dodging
 23507 | Lair:5   | Reached skill level 15 in Unarmed Combat
 26936 | D:11     | Gained mutation: You are slightly more attuned to the
                  | shadows. [demonic ancestry]
 26936 | D:11     | Reached XP level 14. HP: 88/100 MP: 19/19
 27061 | D:11     | Noticed Josephine
 27076 | D:11     | Killed Josephine
 27076 | D:11     | Received a gift from Okawaru
 27265 | D:11     | Found a shattered altar of Ashenzari.
 27363 | D:11     | Noticed Gastronok
 27372 | D:11     | Killed Gastronok
 27372 | D:11     | Received a gift from Okawaru
 27516 | D:11     | Noticed Erolcha
 27535 | D:11     | Killed Erolcha
 27891 | D:12     | Noticed Rupert
 27913 | D:12     | Killed Rupert
 28101 | D:12     | Noticed Snorg
 28116 | D:12     | Killed Snorg
 28156 | D:12     | Got a scorched cloak
 28162 | D:12     | Identified the +2 cloak "Ramooxib" {Int+4} (You found it on
                  | level 12 of the Dungeon)
 28381 | D:12     | Reached skill level 16 in Unarmed Combat
 28740 | Orc:1    | Entered Level 1 of the Orcish Mines
 28869 | Orc:1    | Found a transporter.
 28876 | Orc:1    | Found a transporter.
 28892 | Orc:1    | Noticed Shaidar's ghost (journeyman MiBe)
 29158 | Orc:1    | Found a burning altar of Makhleb.
 29177 | Orc:1    | Found Roleroef's Jewellery Emporium.
 29193 | Orc:1    | Bought the ring "Bostatoj" {rElec rC++ MP+9 Int-2 Slay+3}
                  | for 658 gold pieces
 29524 | Orc:2    | Entered Level 2 of the Orcish Mines
 29692 | Orc:1    | Received a gift from Okawaru
 30060 | Orc:1    | Received a gift from Okawaru
 30197 | Orc:1    | Reached ****** piety under Okawaru
 30203 | Orc:1    | HP: 4/100 [two-headed ogre/+0 giant club (7)]
 30664 | Orc:1    | Received a gift from Okawaru
 30667 | Orc:1    | Got a pair of distressingly furry gloves {god gift}
 30673 | Orc:1    | Identified the +2 pair of gloves of the Echidna {Str+2}
                  | (Okawaru gifted it to you on level 1 of the Orcish Mines)
 30804 | Orc:1    | Reached XP level 15. HP: 73/105 MP: 20/20
 30959 | Orc:2    | Found Oskuptos's Magic Scroll Boutique.
 30959 | Orc:2    | Found Kuth's Jewellery Shoppe.
 30959 | Orc:2    | Found Zoplil's Antique Armour Emporium.
 30959 | Orc:2    | Found Wampiz's Food Boutique.
 31002 | Orc:2    | Found a staircase to the Elven Halls.
 31038 | Orc:2    | Found Tacwir's Antique Weapon Boutique.
 31862 | D:13     | Noticed Urug
 31870 | D:13     | Killed Urug
 32034 | D:13     | Found a shimmering altar of Xom.
 32312 | D:13     | Reached skill level 17 in Unarmed Combat
 32372 | D:14     | Found Momnurhyfo's Distillery.
 32403 | D:14     | Bought a potion of heal wounds for 85 gold pieces
 32478 | D:13     | Reached skill level 10 in Armour
 32732 | D:13     | Learned a level 3 spell: Regeneration
 33058 | D:14     | Found a gate to the Vaults.
 33088 | D:14     | Reached skill level 1 in Necromancy
 33119 | D:14     | Reached skill level 1 in Charms
 33439 | D:14     | Received a gift from Okawaru
 33540 | D:15     | Entered Level 15 of the Dungeon
 33608 | D:15     | Found Itauvab's Weapon Shoppe.
 33923 | D:15     | Received a gift from Okawaru
 34169 | D:15     | Noticed Agnes
 34183 | D:15     | Killed Agnes
 34294 | D:15     | Found Ighime Linn's Antique Armour Shop.
 34305 | D:15     | Found Zontysee's General Store.
 34310 | D:15     | Bought a ration for 80 gold pieces
 34310 | D:15     | Bought a scroll of identify for 32 gold pieces
 34310 | D:15     | Bought a scroll of identify for 32 gold pieces
 34482 | D:15     | Identified the +7 quarterstaff of Obsession {freeze, +Blink
                  | rC+ SInv}
 34499 | D:15     | Found a staircase to the Depths.
 34594 | D:15     | Found Jeech's Antique Armour Shop.
 34601 | D:15     | Bought the +4 moon troll leather armour {Spirit, Regen++
                  | MP+5} for 1471 gold pieces
 34601 | D:15     | Found the +4 moon troll leather armour {Spirit, Regen++
                  | MP+5}
 34784 | D:15     | Found Jeanorhu's Weapon Boutique.
 35100 | Swamp:1  | Entered Level 1 of the Swamp
 35246 | Swamp:1  | Noticed Roxanne
 35267 | Swamp:1  | Killed Roxanne
 35267 | Swamp:1  | Received a gift from Okawaru
 35372 | Swamp:1  | Noticed a thorn hunter
 35388 | Swamp:1  | Killed a thorn hunter
 35877 | Swamp:1  | Reached XP level 16. HP: 111/111 MP: 21/21
 35912 | Swamp:1  | Noticed Kirke
 35920 | Swamp:1  | Killed Kirke
 36017 | Swamp:1  | Learned a level 6 spell: Statue Form
 36174 | Swamp:2  | Received a gift from Okawaru
 36411 | Swamp:2  | Reached skill level 5 in Necromancy
 36759 | Swamp:2  | Reached skill level 18 in Unarmed Combat
 37820 | Swamp:3  | Reached skill level 5 in Charms
 37934 | Swamp:3  | Received a gift from Okawaru
 38428 | Snake:1  | Entered Level 1 of the Snake Pit
 38624 | Snake:1  | HP: 4/111 [naga sharpshooter/arrow (8)]
 38624 | Snake:1  | Shot with a bolt by a naga sharpshooter

Vault maps used:
D:1:      arrival_zaba_pyramid
D:2:      nicolae_dithmenos_through_a_glass_darkly, uniq_robin
D:3:      lemuel_coloured_pillars_altar, kennysheep_generic_room_3
D:4:      uniq_edmund
D:5:      first_ration, uniq_eustachio
D:6:      elyvilon_altar_3, nicolae_overflow_hidden_temple, temple_fountains,
          minmay_misc_feat_cross, abandoned_shop, grunt_ministairs_1
D:9:      overflow_temple_1_default, lemuel_crystal_altar,
          vehumet_altar_wand_db, minmay_orc_entry_temple_small,
          gammafunk_ghost_hydra_chop
D:10:     david_lair_generic, uniq_harold
D:11:     hangedman_pestilent_swarm, evilmike_ruin_ashenzari, uniq_erolcha,
          uniq_josephine, uniq_gastronok
D:12:     corner_web_ring, uniq_snorg, uniq_rupert
D:13:     basic_altar, uniq_urug
D:14:     david_vaults_2, serial_shops, shop, minivault_23
D:15:     grunt_enter_depths_hoard, serial_park_tiny_1, serial_shops, shop,
          nicolae_shop_trees, shop, shop, shop, kennysheep_crisscross,
          uniq_agnes
Temple:   nicolae_temple_elliptical
Lair:1:   dpeg_stationary_puzzle, grunt_megastairs_3
Lair:2:   cheibrodos_lair_reptile_den
Lair:3:   nicolae_swamp_entry_splash_gauntlet, lemuel_fruit_fields
Lair:4:   dummy_snake_entry, lab_entry_generic, minmay_another_anthill,
          serial_bayou_shore_b, infiniplex_staircase_pool_2, grunt_megastairs_4,
          lemuel_fruit_fields
Lair:5:   slime_altar_1
Lair:6:   minmay_lair_end_frog_pond, portal_ice_cave_rime, serial_bayou_lake_a
Swamp:1:  evilmike_swamp_ruin_rubble_2, swamp_pool1, uniq_kirke, uniq_roxanne
Swamp:2:  infiniplex_staircase_pool
Swamp:3:  nicolae_swamp_stair_fork
Orc:1:    lemuel_ogre_cave, gammafunk_ghost_stat_death, serial_shops, shop,
          bloody_makhleb
Orc:2:    st_orc_ogre_mass, serial_shops, shop

Skill      XL: |  1  2  3  4  5  6  7  8  9 10 11 12 13 14 15 16 |
---------------+-------------------------------------------------+-----
Unarmed Combat | 3 4 5 6 7 8 9 11 13 14 15 16 17 18 | 18.3
Throwing       | 2 3 4 5 |  5.0
Armour         | 1 2 4 5 9 11 12 | 12.3
Dodging        | 3 4 5 6 9 10 11 12 | 12.4
Fighting       | 3 5 6 |  6.0
Invocations    | 2 4 5 7 |  7.0
Transmutations | 1 5 |  5.0
Earth Magic    | 1 5 |  5.0
Spellcasting   | 2 |  2.0
Necromancy     | 4 6 |  6.4
Charms         | 3 5 |  5.3

Action                   |  1- 3 |  4- 6 |  7- 9 | 10-12 | 13-15 | 16-18 || total
-------------------------+-------+-------+-------+-------+-------+-------++-------
Melee: Unarmed           |   143 |   193 |   517 |   676 |  1593 |   455 ||  3577
       Punch             |     3 |     6 |     8 |    43 |   157 |    50 ||   267
Throw: Tomahawk          |       |       |     2 |    10 |    19 |       ||    31
       Throwing net      |       |       |     1 |       |       |       ||     1
       Javelin           |       |       |       |       |       |     4 ||     4
Invok: Heroism           |       |       |       |    18 |    29 |     6 ||    53
       Finesse           |       |       |       |     3 |     6 |       ||     9
 Abil: Evoke Berserk Rag |     3 |     2 |     5 |     1 |       |       ||    11
Evoke: Wand              |       |       |       |       |     4 |     7 ||    11
  Use: Scroll            |     4 |     4 |    15 |    10 |    10 |     1 ||    44
       Potion            |       |       |     2 |       |     4 |     2 ||     8
 Stab: Sleeping          |       |       |     2 |     6 |     1 |     2 ||    11
       Distracted        |       |       |       |     2 |       |       ||     2
       Confused          |       |       |       |       |       |     5 ||     5
  Eat: Chunk             |     4 |     9 |    14 |    27 |    33 |     5 ||    92
       Ration            |       |       |     4 |     2 |     6 |     2 ||    14
Armor: Leather armour    |    49 |    76 |   255 |   188 |    26 |       ||   594
       Chain mail        |       |       |       |       |   573 |       ||   573
       Troll leather arm |       |       |       |       |    45 |   176 ||   221
Dodge: Dodged            |    96 |   109 |   452 |   460 |   985 |   410 ||  2512

Table legend:
 A = Non-vault XP
 B = Vault XP
 C = Vault XP percentage of total XP
 D = Non-vault monster count
 E = Vault monster count
 F = Vault count percentage of total count
                 A         B        C        D         E       F
            +---------+---------+-------+---------+---------+-------
      Total |  127171 |   67929 |  34.8 |     653 |     189 |  22.4
            +---------+---------+-------+---------+---------+-------
        D:1 |      51 |       0 |   0.0 |      30 |       0 |   0.0
        D:2 |     164 |      27 |  14.1 |      13 |       7 |  35.0
        D:3 |     301 |       4 |   1.3 |      29 |       2 |   6.5
        D:4 |     622 |     164 |  20.9 |      22 |       1 |   4.3
        D:5 |     100 |     220 |  68.8 |       5 |       1 |  16.7
        D:6 |     438 |     148 |  25.3 |      16 |       2 |  11.1
        D:7 |     541 |       0 |   0.0 |      12 |       0 |   0.0
        D:8 |     975 |     342 |  26.0 |      19 |       5 |  20.8
        D:9 |    1418 |     581 |  29.1 |      28 |       6 |  17.6
       D:10 |    1629 |    2036 |  55.6 |      31 |       4 |  11.4
       D:11 |    4102 |    5425 |  56.9 |      34 |      11 |  24.4
       D:12 |    2781 |    4139 |  59.8 |      21 |       2 |   8.7
       D:13 |    9015 |     827 |   8.4 |      42 |       1 |   2.3
       D:14 |    9300 |    2647 |  22.2 |      38 |       3 |   7.3
       D:15 |   11218 |    3963 |  26.1 |      29 |       3 |   9.4
     Temple |      85 |       0 |   0.0 |       1 |       0 |   0.0
     Lair:1 |    3448 |    1672 |  32.7 |      13 |       6 |  31.6
     Lair:2 |    6616 |     400 |   5.7 |      19 |       1 |   5.0
     Lair:3 |    4830 |    1087 |  18.4 |      20 |       5 |  20.0
     Lair:4 |   12450 |    5040 |  28.8 |      34 |      28 |  45.2
     Lair:5 |    5196 |    2209 |  29.8 |      20 |       7 |  25.9
     Lair:6 |    3992 |   10284 |  72.0 |      14 |      40 |  74.1
    Swamp:1 |   11169 |    4330 |  27.9 |      19 |       3 |  13.6
    Swamp:2 |   16024 |       0 |   0.0 |      39 |       0 |   0.0
    Swamp:3 |   15594 |       0 |   0.0 |      43 |       0 |   0.0
    Snake:1 |    1421 |       0 |   0.0 |       4 |       0 |   0.0
      Orc:1 |    2516 |   21034 |  89.3 |      30 |      47 |  61.0
      Orc:2 |    1175 |    1350 |  53.5 |      28 |       4 |  12.5
            +---------+---------+-------+---------+---------+-------
